 Dungeon Sprint DCSS version 0.26-a0-1101-g8f9f7f7418 (webtiles) character file.

Game seed: 8618723874979186207

6200000 Adamkad1 the Axe Maniac (level 27, -8/292 HPs)
             Began as a Palentonga Gladiator on Dec 15, 2020.
             Was the Champion of Makhleb.
             Mangled by a destroyer
             ... wielding a +9 vorpal great sword
              (59 damage)
             ... in the Dungeon (Sprint VIII: "Arena of Blood").
             The game lasted 00:02:10 (62 turns).

Adamkad1 the Axe Maniac (Palentonga Gladiator)        Turns: 62, Time: 00:02:11

Health: -8/292     AC: 17    Str: 18    XL:     27
Magic:  30/54      EV: 34    Int:  9    God:    Makhleb [******]
Gold:   0          SH:  0    Dex: 24    Spells: 80/80 levels left

rFire    . . .     SeeInvis +   k - +∞ Axe of Woe
rCold    . . .     Faith    .   (shield currently unavailable)
rNeg     . . .     Spirit   .   b - +0 leather armour
rPois    .         Reflect  .   c - +0 helmet
rElec    .         Harm     .   (no cloak)
rCorr    .         Rampage  .   (no gloves)
Will     ++...     NoTele   +   (no barding)
Stlth    +++++++++.             (no amulet)
HPRegen  0.58/turn              (no ring)
MPRegen  0.34/turn              (no ring)

@: slowed, curled up, very slow
A: large, rugged brown scales 3, see invisible, deformed body, roll 1, armoured
tail, reflexive curl
a: Rolling Charge, Minor Destruction, Lesser Servant of Makhleb, Major
Destruction, Greater Servant of Makhleb, Renounce Religion


You were in the Dungeon.
You worshipped Makhleb.
Makhleb was exalted by your worship.
You visited 1 branch

Inventory:

Hand Weapons
 a - a +0 war axe
 k - the +∞ Axe of Woe (weapon)
   (You found it in the Dungeon)
Missiles
 d - 3 throwing nets (quivered)
Armour
 b - a +0 leather armour (worn)
 c - a +0 helmet (worn)
Scrolls
 j - a scroll of blinking
Potions
 e - a potion of curing
 f - a potion of heal wounds
 g - a potion of haste
 h - 2 potions of magic
 i - a potion of berserk rage


   Skills:
 O Level 27 Fighting
 O Level 27 Short Blades
 O Level 27 Long Blades
 O Level 27 Axes
 O Level 27 Maces & Flails
 O Level 27 Polearms
 O Level 27 Staves
 + Level 24.5(27) Slings
 + Level 26.3 Bows
 + Level 26.4 Crossbows
 O Level 27 Throwing
 + Level 26.3 Armour
 O Level 27 Dodging
 + Level 24.7 Stealth
 + Level 26.4 Shields
 O Level 27 Unarmed Combat
 O Level 27 Spellcasting
 O Level 27 Conjurations
 O Level 27 Hexes
 + Level 26.3 Summonings
 O Level 27 Necromancy
 O Level 27 Translocations
 O Level 27 Transmutations
 + Level 26.4 Fire Magic
 + Level 26.3 Ice Magic
 + Level 26.4 Air Magic
 O Level 27 Earth Magic
 + Level 26.5 Poison Magic
 O Level 27 Invocations
 O Level 27 Evocations


You had 80 spell levels left.
You didn't know any spells.
Your spell library was empty.

Dungeon Overview and Level Annotations

Branches:
Dungeon (1/1)

Altars:
Makhleb


Innate Abilities, Weirdness & Mutations

You are completely covered in rugged brown scales. (AC +3, +7% HP)
You have supernaturally acute eyesight. (SInv)
Armour fits poorly on your strangely shaped body.
You can roll at nearby foes to attack.
You have a long armoured tail.
You curl defensively after being hit.


Message History

Your Armour skill gained 2 levels and is now at level 26!
Your Stealth skill increases to level 24!
Your Shields skill gained 2 levels and is now at level 26!
You have mastered Spellcasting!
You have mastered Conjurations!
Your Summonings skill gained 2 levels and is now at level 26!
Your Fire Magic skill gained 2 levels and is now at level 26!
Your Ice Magic skill gained 2 levels and is now at level 26!
Your Air Magic skill gained 2 levels and is now at level 26!
You have mastered Earth Magic!
Your Poison Magic skill gained 2 levels and is now at level 26!
You have mastered Evocations!
You hear a shout! x9
The meat berserker hits you with a +9 battleaxe!!
You hear a shout! x2
A destroyer comes into view. It is wielding a +9 vorpal great sword.
You hear a shout! x2
The destroyer hits you with a +9 vorpal great sword!!!!!
Ouch! That really hurt!
* * * LOW HITPOINT WARNING * * *
You die...

...._.).))..)........ .
.#...).#...)...#.#...V...
#_.<._#..........O......
#.....#....).#.#.#..MW..
...._........)).........
...###........o#.#.#..# .
#.. ....###..........#...
#.. ....#.)))...VO....#
#. ....#...)o).@....#. ..
........).°§O........
........#)°)#......##
.......#))°.#.....##
.....##).)..#.....#
....#..))).#....##.. .
#..)###....#. ... .......
..#.... .. ..........
.....


You could see 2 destroyers, a dread, 2 meat berserkers and 2 bags of meat.

Vanquished Creatures
  A hell beast (D)
  3 royal mummies (D)
  9 vampire knights (D)
  28 ogres (D)
  5 two-headed ogres (D)
  4 liches (D)
  A hydra (D)
  58 orcs (D)
  A skeletal warrior (D)
110 creatures vanquished.

Vanquished Creatures (others)
  An orc (D)
1 creature vanquished.

Grand Total: 111 creatures vanquished

Notes
Turn   | Place    | Note
-------+----------+-------------------------------------------
     0 | D        | Found the +∞ Axe of Woe
     0 | D        | Adamkad1 the Palentonga Gladiator began the quest for the
                  | Orb.
     0 | D        | Reached XP level 1. HP: 18/18 MP: 1/1
     1 | D        | Noticed a bag of meat
     1 | D        | Noticed a bag of meat
     3 | D        | Became a worshipper of Makhleb the Destroyer
     3 | D        | Noticed a bag of meat
     3 | D        | Noticed a bag of meat
     5 | D        | Noticed a meat berserker
     6 | D        | Noticed a meat berserker
     7 | D        | Killed a bag of meat
     7 | D        | Noticed a meat berserker
     7 | D        | Noticed a bag of meat
     7 | D        | Noticed a meat berserker
     8 | D        | Reached skill level 10 in Throwing
     8 | D        | Reached XP level 2. HP: 47/47 MP: 2/2
     8 | D        | Reached XP level 3. HP: 53/53 MP: 3/3
     8 | D        | Reached XP level 4. HP: 62/62 MP: 4/4
     8 | D        | Reached XP level 5. HP: 68/68 MP: 5/5
     8 | D        | Reached XP level 6. HP: 77/77 MP: 6/6
     8 | D        | Gained mutation: You curl defensively after being hit.
                  | [Palentonga growth]
     8 | D        | Reached XP level 7. HP: 84/84 MP: 7/7
     8 | D        | Reached XP level 8. HP: 92/92 MP: 8/8
     8 | D        | Reached XP level 9. HP: 99/99 MP: 9/9
     8 | D        | Reached XP level 10. HP: 108/108 MP: 10/10
     8 | D        | Reached XP level 11. HP: 114/114 MP: 11/11
     8 | D        | Killed a bag of meat
     8 | D        | Reached * piety under Makhleb
     9 | D        | Reached skill level 15 in Fighting
     9 | D        | Reached XP level 12. HP: 129/129 MP: 12/12
     9 | D        | Killed a meat berserker
     9 | D        | Noticed a bag of meat
    10 | D        | Reached skill level 15 in Dodging
    10 | D        | Reached XP level 13. HP: 143/143 MP: 13/13
    10 | D        | Reached XP level 14. HP: 150/150 MP: 14/14
    10 | D        | Killed a meat berserker
    10 | D        | Killed a bag of meat
    10 | D        | Reached ** piety under Makhleb
    10 | D        | Noticed a bag of meat
    10 | D        | Noticed a meat berserker
    11 | D        | Reached XP level 15. HP: 165/165 MP: 15/15
    11 | D        | Killed a meat berserker
    12 | D        | Reached skill level 27 in Axes
    12 | D        | Reached XP level 16. HP: 180/180 MP: 16/16
    12 | D        | Killed a meat berserker
    13 | D        | Reached *** piety under Makhleb
    13 | D        | Noticed a meat berserker
    14 | D        | Reached XP level 17. HP: 201/201 MP: 17/17
    14 | D        | Killed a meat berserker
    14 | D        | Noticed a meat berserker
    15 | D        | Reached skill level 27 in Fighting
    15 | D        | Reached **** piety under Makhleb
    15 | D        | Noticed a meat berserker
    15 | D        | Noticed a meat berserker
    16 | D        | Reached XP level 18. HP: 181/214 MP: 18/18
    16 | D        | Killed a meat berserker
    16 | D        | Noticed a meat berserker
    17 | D        | Reached skill level 27 in Dodging
    17 | D        | Reached ***** piety under Makhleb
    17 | D        | Noticed a meat berserker
    17 | D        | Noticed a meat berserker
    18 | D        | Reached skill level 27 in Throwing
    18 | D        | Reached XP level 19. HP: 221/221 MP: 18/23
    18 | D        | Killed a meat berserker
    18 | D        | Noticed a meat berserker
    19 | D        | Reached skill level 5 in Short Blades
    19 | D        | Reached skill level 5 in Long Blades
    19 | D        | Reached skill level 5 in Maces & Flails
    19 | D        | Reached skill level 5 in Staves
    19 | D        | Reached skill level 5 in Unarmed Combat
    19 | D        | Reached skill level 5 in Spellcasting
    19 | D        | Reached skill level 5 in Hexes
    19 | D        | Reached skill level 5 in Necromancy
    19 | D        | Reached skill level 5 in Translocations
    19 | D        | Reached skill level 5 in Transmutations
    19 | D        | Reached skill level 5 in Evocations
    20 | D        | Reached skill level 5 in Polearms
    20 | D        | Reached skill level 5 in Bows
    20 | D        | Reached skill level 5 in Crossbows
    20 | D        | Reached skill level 5 in Armour
    20 | D        | Reached skill level 5 in Shields
    20 | D        | Reached skill level 5 in Conjurations
    20 | D        | Reached skill level 5 in Summonings
    20 | D        | Reached skill level 5 in Fire Magic
    20 | D        | Reached skill level 5 in Ice Magic
    20 | D        | Reached skill level 5 in Air Magic
    20 | D        | Reached skill level 5 in Earth Magic
    20 | D        | Noticed a destroyer
    20 | D        | Killed a meat berserker
    20 | D        | Noticed a large bag of meat
    20 | D        | Noticed a destroyer
    20 | D        | Noticed a meat berserker
    21 | D        | Reached XP level 20. HP: 231/231 MP: 18/31
    21 | D        | Killed a meat berserker
    21 | D        | Killed a destroyer
    21 | D        | Noticed a meat berserker
    22 | D        | Reached skill level 10 in Short Blades
    22 | D        | Reached skill level 10 in Long Blades
    22 | D        | Reached skill level 10 in Maces & Flails
    22 | D        | Reached skill level 10 in Staves
    22 | D        | Reached skill level 10 in Unarmed Combat
    22 | D        | Reached skill level 10 in Hexes
    22 | D        | Reached skill level 10 in Necromancy
    22 | D        | Reached skill level 10 in Translocations
    22 | D        | Reached skill level 10 in Transmutations
    22 | D        | Reached XP level 21. HP: 239/239 MP: 18/34
    23 | D        | Noticed a large bag of meat
    24 | D        | Reached skill level 10 in Polearms
    24 | D        | Reached skill level 10 in Spellcasting
    24 | D        | Reached skill level 10 in Conjurations
    24 | D        | Reached skill level 10 in Earth Magic
    24 | D        | Reached skill level 10 in Evocations
    24 | D        | Reached ****** piety under Makhleb
    25 | D        | Reached skill level 10 in Bows
    25 | D        | Reached skill level 10 in Crossbows
    25 | D        | Reached skill level 10 in Armour
    25 | D        | Reached skill level 10 in Shields
    25 | D        | Reached skill level 10 in Summonings
    25 | D        | Reached skill level 10 in Fire Magic
    25 | D        | Reached skill level 10 in Ice Magic
    25 | D        | Reached skill level 10 in Air Magic
    25 | D        | Reached skill level 10 in Poison Magic
    25 | D        | Killed a large bag of meat
    26 | D        | Reached skill level 10 in Slings
    26 | D        | Reached skill level 10 in Stealth
    26 | D        | Reached XP level 22. HP: 225/249 MP: 19/38
    26 | D        | Noticed a destroyer
    26 | D        | Noticed a large bag of meat
    28 | D        | Reached skill level 15 in Invocations
    28 | D        | Reached XP level 23. HP: 256/256 MP: 19/40
    29 | D        | Reached skill level 15 in Long Blades
    29 | D        | Reached skill level 15 in Maces & Flails
    29 | D        | Reached skill level 15 in Unarmed Combat
    29 | D        | Reached skill level 15 in Translocations
    29 | D        | Killed a large bag of meat
    29 | D        | Killed a destroyer
    30 | D        | Reached skill level 15 in Polearms
    30 | D        | Reached skill level 15 in Spellcasting
    30 | D        | Reached skill level 15 in Conjurations
    30 | D        | Reached skill level 15 in Earth Magic
    30 | D        | Reached skill level 15 in Evocations
    30 | D        | Reached XP level 24. HP: 184/266 MP: 20/42
    30 | D        | Killed a destroyer
    31 | D        | Reached skill level 15 in Crossbows
    31 | D        | Reached skill level 15 in Armour
    31 | D        | Reached skill level 15 in Shields
    31 | D        | Reached skill level 15 in Summonings
    31 | D        | Reached skill level 15 in Fire Magic
    31 | D        | Reached skill level 15 in Air Magic
    31 | D        | Reached skill level 15 in Poison Magic
    31 | D        | Noticed a destroyer
    32 | D        | Reached skill level 15 in Bows
    32 | D        | Reached skill level 15 in Ice Magic
    32 | D        | Reached XP level 25. HP: 260/274 MP: 20/43
    32 | D        | Noticed a large bag of meat
    32 | D        | Noticed a destroyer
    33 | D        | Reached skill level 15 in Slings
    33 | D        | Reached skill level 15 in Stealth
    34 | D        | Reached XP level 26. HP: 268/284 MP: 21/45
    34 | D        | Killed a destroyer
    34 | D        | Noticed a destroyer
    36 | D        | Reached XP level 27. HP: 284/292 MP: 21/46
    36 | D        | Noticed a destroyer
    37 | D        | Noticed a destroyer
    38 | D        | Killed a destroyer
    41 | D        | Killed a destroyer
    43 | D        | Killed a destroyer
    43 | D        | Killed a large bag of meat
    44 | D        | Killed a large bag of meat
    45 | D        | Noticed a large bag of meat
    46 | D        | Noticed an accursed
    47 | D        | Noticed an accursed
    47 | D        | Noticed a tyrant
    48 | D        | Killed an accursed
    49 | D        | Killed an accursed
    52 | D        | Noticed an accursed
    53 | D        | Killed an accursed
    53 | D        | Noticed a destroyer
    54 | D        | Reached skill level 27 in Invocations
    54 | D        | Killed a large bag of meat
    55 | D        | Noticed a tyrant
    55 | D        | Killed a tyrant
    55 | D        | Noticed a tyrant
    56 | D        | Killed a destroyer
    56 | D        | Noticed a destroyer
    56 | D        | Noticed a tyrant
    58 | D        | Reached skill level 27 in Long Blades
    58 | D        | Reached skill level 27 in Hexes
    58 | D        | Killed a tyrant
    58 | D        | Killed a destroyer
    58 | D        | Noticed a meat beast
    58 | D        | Noticed a tyrant
    59 | D        | Reached skill level 27 in Short Blades
    59 | D        | Reached skill level 27 in Maces & Flails
    59 | D        | Reached skill level 27 in Staves
    59 | D        | Reached skill level 27 in Unarmed Combat
    59 | D        | Reached skill level 27 in Necromancy
    59 | D        | Reached skill level 27 in Translocations
    59 | D        | Reached skill level 27 in Transmutations
    59 | D        | Killed a tyrant
    59 | D        | Noticed an accursed
    60 | D        | Noticed a dread
    61 | D        | Killed a meat beast
    61 | D        | Killed a tyrant
    62 | D        | Reached skill level 27 in Polearms
    62 | D        | Reached skill level 27 in Spellcasting
    62 | D        | Reached skill level 27 in Conjurations
    62 | D        | Reached skill level 27 in Earth Magic
    62 | D        | Reached skill level 27 in Evocations
    62 | D        | Noticed a destroyer
    62 | D        | Mangled by a destroyer

Illustrated notes

Levels and vault maps discovered:
D:        meatsprint

Skill      XL: |  1  2  3  4  5  6  7  8  9 10 11 12 13 14 15 16 17 18 19 20 21 22 23 24 25 26 27 |
---------------+----------------------------------------------------------------------------------+-----
Fighting       | 13 15 17 20 22 25 27 | 27.0
Axes           | 17 20 23 26 27 | 27.0
Throwing       | 10 12 14 16 17 21 23 27 | 27.0
Dodging        | 11 13 15 17 19 22 25 27 | 27.0
Short Blades   | 3 8 10 13 14 16 17 19 20 27 | 27.0
Long Blades    | 3 8 10 13 14 16 17 19 20 27 | 27.0
Maces & Flails | 3 8 10 13 14 16 17 19 20 27 | 27.0
Polearms       | 2 7 9 12 13 15 16 17 19 27 | 27.0
Staves         | 3 8 10 13 14 16 17 19 20 27 | 27.0
Slings         | 2 6 8 10 11 13 14 15 16 24 | 24.5
Bows           | 3 6 8 11 12 14 15 16 18 26 | 26.3
Crossbows      | 2 6 8 11 12 14 15 16 18 26 | 26.4
Armour         | 3 6 8 11 12 14 15 16 18 26 | 26.3
Stealth        | 2 6 7 10 11 13 14 15 16 24 | 24.7
Shields        | 2 6 8 11 12 14 15 16 18 26 | 26.4
Unarmed Combat | 3 8 10 13 14 16 17 19 20 27 | 27.0
Spellcasting   | 3 7 9 12 13 15 16 18 19 27 | 27.0
Conjurations   | 3 7 9 12 13 15 16 17 19 27 | 27.0
Hexes          | 3 8 10 13 14 16 17 19 20 27 | 27.0
Summonings     | 3 6 9 11 12 14 15 16 18 26 | 26.3
Necromancy     | 3 7 10 13 14 16 17 19 20 27 | 27.0
Translocations | 3 8 10 13 14 16 17 19 20 27 | 27.0
Transmutations | 3 8 10 13 14 16 17 19 20 27 | 27.0
Fire Magic     | 2 6 8 11 12 14 15 16 18 26 | 26.4
Ice Magic      | 2 6 8 11 12 13 15 16 18 26 | 26.3
Air Magic      | 2 6 8 11 12 14 15 16 18 26 | 26.4
Earth Magic    | 3 7 9 12 13 15 16 17 19 27 | 27.0
Poison Magic   | 2 6 8 11 12 14 15 16 18 26 | 26.5
Invocations    | 3 8 11 14 15 17 19 20 22 27 | 27.0
Evocations     | 3 7 9 12 13 15 16 17 19 27 | 27.0

Action                   |  1- 3 |  4- 6 |  7- 9 | 10-12 | 13-15 | 16-18 | 19-21 | 22-24 | 25-27 || total
-------------------------+-------+-------+-------+-------+-------+-------+-------+-------+-------++-------
Melee: Executioner's axe |     1 |       |       |     2 |     2 |     6 |     8 |     6 |    30 ||    55
 Abil: Rolling Charge    |       |       |       |       |       |     3 |     4 |     1 |     9 ||    17
Armor: Leather armour    |       |       |       |       |       |       |       |       |     2 ||     2

Table legend: (Time is in decaauts)
 A = Elapsed time spent in this place.
 B = Non-inter-level travel time spent in this place.
 C = Inter-level travel time spent in this place.
 D = Time resting spent in this place.
 E = Time spent auto-exploring this place.
 F = Levels seen in this place.
 G = Mean time per level.
                   A        B        C        D        E       F      G
               +--------+--------+--------+--------+--------+-----+--------+
         Total |     57 |     57 |      0 |      0 |      0 |   1 |   57.0 |
       Dungeon |     57 |     57 |      0 |      0 |      0 |   1 |   57.0 |
               +--------+--------+--------+--------+--------+-----+--------+

Top non-repeatable levels by time:
       D: 57 daAuts
